[Event "Late-Titled-Tuesday-Blitz-September-05-2023"]
[Site "Chess.com"]
[Date "2023.09.05"]
[Round "4"]
[White "rquery98"]
[Black "Langua_Chess"]
[Result "1-0"]
[WhiteElo "2686"]
[BlackElo "2494"]
[TimeControl "180+1"]
[EndTime "14:40:32 PDT"]
[Termination "rquery98 won by checkmate"]

1. Nf3 d5 2. g3 c6 3. Bg2 Bf5 4. c4 e6 5. cxd5 cxd5 6. Qb3 Nd7 7. O-O Nc5 8. Qd1 Nf6 9. d3 Be7 10.
Nc3 O-O 11. Bf4 h6 12. Rc1 a6 13. Qd2 Rc8 14. h3 Bh7 15. g4 b5 16. Ne5 b4 17. Nd1 a5 18. Ne3 Bd6 19. Bg3 Qe7 20.
f4 Rc7 21. Kh1 Rfc8 22. Bh4 Ncd7 23. d4 Be4 24. Bxe4 Nxe4 25. Bxe7 Nxd2 26. Rxc7 Bxc7 27.
Nxd7 Nxf1 28. Nxf1 Bxf4 29. e3 Rc7 30. exf4 Rxd7 31.
Bc5 f6 32. Kg2 Kf7 33. Kf3 Rc7 34. Ne3 Rc6 35. f5 e5 36. Nxd5 exd4 37. Bxd4 Rd6 38. Ke4 Rc6 39. Ne3 Rc1 40. b3 Rh1 41. Bb6 Rxh3 42. Bxa5 Rh2 43. Bxb4 Rxa2 44. Bc5 Rb2 45. b4 g6 46. Nc4 Rb1 47. Nd6+ Kg7 48. Ne8+ Kf7 49.
Nd6+ Kg7 50. b5 h5 51. gxh5 gxh5 52. b6 Kh6 53. Kf4 Rf1+ 54. Kg3 Rb1 55. b7 Kg5 56. Be3# 1-0

[Event "Late-Titled-Tuesday-Blitz-September-05-2023"]
[Site "Chess.com"]
[Date "2023.09.05"]
[Round "4"]
[White "BigAl"]
[Black "GMAkobianSTL"]
[Result "1-0"]
[WhiteElo "2537"]
[BlackElo "2722"]
[TimeControl "180+1"]
[EndTime "14:40:33 PDT"]
[Termination "BigAl won on time"]

1. Nf3 Nf6 2. g3 b6 3. Bg2 Bb7 4. O-O g6 5. d3 Bg7 6. e4 O-O 7. a4 c5 8. a5 b5 9. Re1 a6 10. e5 Ne8 11. Bf4 Nc6 12. Nbd2 Nc7 13. c3 Nd5 14.
Ng5 Nxf4 15. gxf4 Qc7 16. Qg4 h6 17. Nge4 d6 18. e6 Bc8 19. Ng3 Bxe6 20. Rxe6 fxe6 21. Qxe6+ Kh8 22. Qxg6 Rf6 23. Qe4 d5 24. Qxd5 Rd8 25.
Qxc5 Qxf4 26. Nde4 Rg6 27. d4 Rf8 28. Qh5 Kh7 29.
Rf1 Nxd4 30. cxd4 Bxd4 31. Nc3 Bxf2+ 32. Kh1 Rg5 33. Qh3 Qg4 34. Nce4 Qxh3 35. Nxg5+ hxg5 36. Bxh3 Rf4 37. Bf5+ Kg7 38. Kg2 Bxg3 39. hxg3 Rb4 40. Rf2 Ra4 41. Be6 Rxa5 42. Rf7+ Kg6 43. Kh3 Ra4 44.
Rxe7 Rb4 45. b3 a5 46. Rb7 Kf6 47. Bg8 Ke5 48. Ra7 a4 49. bxa4 bxa4 50. Ra5+ Kf6 51. Rc5 Rd4 52. Ra5 Rb4 53. Bd5 1-0

[Event "Late-Titled-Tuesday-Blitz-September-05-2023"]
[Site "Chess.com"]
[Date "2023.09.05"]
[Round "4"]
[White "WPWPWP-2015"]
[Black "SchmakAttack"]
[Result "0-1"]
[WhiteElo "2544"]
[BlackElo "2780"]
[TimeControl "180+1"]
[EndTime "14:40:34 PDT"]
[Termination "SchmakAttack won by resignation"]

1. e4 e5 2. Nf3 Nc6 3. Bb5 a6 4. Ba4 Nf6 5. O-O Be7 6. Re1 b5 7. Bb3 d6 8. c3 O-O 9. d4 Bg4 10. a4 Bxf3 11. gxf3 Qd7 12. f4 Qh3 13. Re3 Qh4 14.
f3 Qxf4 15. Rd3 Qh4 16. Be3 Na5 17. Ba2 Nh5 18. dxe5 dxe5 19. Rd7 Nf4 20. Bxf4 Qxf4 21. Nd2 Rad8 22. Nf1 Bc5+ 23. Kg2 Nc6 24. Bxf7+ Rxf7 25.
Rxd8+ Nxd8 26. Qxd8+ Bf8 27. Qd3 c6 28. axb5 axb5 29.
Ra8 h5 30. Ng3 h4 31. Nf5 Qg5+ 32.
Kf2 g6 33. Nd6 Rd7 34. Qe3 Qxe3+ 35. Kxe3 Rxd6 36. b3 Kg7 37. Rc8 Be7 38. Rc7 Kf7 39. f4 exf4+ 40. Kxf4 Ke6 41. Kg4 Bf6 42. c4 bxc4 43.
bxc4 Bd4 44. Kxh4 Ke5 45. Kg4 Kxe4 46. Re7+ Kd3 47. h4 Kxc4 48. Kg5 c5 49. Re4 Kd3 50. Re1 c4 51. Rd1+ Ke2 52. Rc1 Be3+ 53. Kg4 Bxc1 54. h5 gxh5+ 0-1

[Event "Late-Titled-Tuesday-Blitz-September-05-2023"]
[Site "Chess.com"]
[Date "2023.09.05"]
[Round "4"]
[White "dropstoneDP"]
[Black "hurricane7791"]
[Result "1-0"]
[WhiteElo "3021"]
[BlackElo "2717"]
[TimeControl "180+1"]
[EndTime "14:40:35 PDT"]
[Termination "dropstoneDP won on time"]

1. e4 c5 2. Nf3 d6 3. d4 cxd4 4. Nxd4 Nf6 5. Nc3 a6 6. Bg5 Nbd7 7. a3 g6 8. Bc4 Bg7 9. Qe2 h6 10. Bxf6 Nxf6 11. O-O-O Qc7 12. Kb1 Bd7 13. Bb3 Rb8 14. f4 e5 15. Nf3 O-O 16. Qd2 exf4 17. Qxf4 Bc6 18. Rhe1 Rbe8 19. Rxd6 Nxe4 20. Nxe4 Rxe4 21. Rxe4 Bxe4 22. Rf6 Qxf4 23. Rxf4 Bc6 24. h4 Bh8 25. g4 Bxf3 26. Rxf3 Be5 27. c3 Kg7 28. Rd3 Bf6 29. Rd7 Bxh4 30. Rxb7 Bg3 31. Ra7 h5 32. gxh5 gxh5 33. Rxa6 h4 34. Ra7 Kg6 35. Bd5 h3 36. Rd7 h2 37. a4 f5 38. a5 Rh8 39. Bh1 Re8 40. Rd1 Kg5 41. a6 Bf2 42. Kc2 Kg4 43. b4 f4 44. c4 f3 45. c5 Be1 46. Rd7 Bxb4 47. Rg7+ Kf4 48. Rf7+ Ke5 49. c6 Kd6 50. Bxf3 Bc5 51. a7 Ra8 52. c7 1-0

[Event "Late-Titled-Tuesday-Blitz-September-05-2023"]
[Site "Chess.com"]
[Date "2023.09.05"]
[Round "4"]
[White "RzayevB"]
[Black "chessisveryfun1264"]
[Result "0-1"]
[WhiteElo "2648"]
[BlackElo "2521"]
[TimeControl "180+1"]
[EndTime "14:40:35 PDT"]
[Termination "chessisveryfun1264 won by resignation"]

1. d4 e6 2. c4 b6 3. e4 Bb4+ 4. Bd2 Bxd2+ 5. Nxd2 d5 6. cxd5 exd5 7.
e5 Ne7 8. Ngf3 O-O 9. Bd3 c5 10.
O-O Bf5 11. Bxf5 Nxf5 12. dxc5 bxc5 13. Qc2 Qc8 14. Rac1 Na6 15. Nb3 c4 16. Nbd4 Nxd4 17. Nxd4 Nb4 18. Qd2 Nd3 19. Rc3 Nxe5 20. Rg3 Qa6 21.
Nf5 Ng6 22. Qxd5 Qf6 23. Rc3 Rad8 24. Qf3 Kh8 25. Ne3 Qxf3 26. gxf3 Rd3 27. Rxc4 Ne5 28. Rc7 a5 29. Rc5 Nxf3+ 30. Kg2 Nh4+ 31. Kg3 Ng6 32.
Rxa5 f5 33. Kg2 f4 34. Nc4 Nh4+ 35. Kh1 Rfd8 36. Ne5 Rd1 37. Kg1 Kg8 38. h3 R1d2 39. Nc6 R8d6 40. Ne7+ Kf7 41. Nf5 Rg6+ 42. Kh1 Nf3 43. Ra4 Rxf2 44. Nd6+ Ke6 45. Re4+ Kxd6 46. Rd1+ Kc5 47. b4+ Kc6 48. b5+ Kb6 49. Re6+ Rxe6 50.
Rd6+ Rxd6 0-1

[Event "Late-Titled-Tuesday-Blitz-September-05-2023"]
[Site "Chess.com"]
[Date "2023.09.05"]
[Round "4"]
[White "MelihKaanCan"]
[Black "Goryachkina"]
[Result "0-1"]
[WhiteElo "2470"]
[BlackElo "2666"]
[TimeControl "180+1"]
[EndTime "14:40:35 PDT"]
[Termination "Goryachkina won by resignation"]

1. e4 e6 2. d4 d5 3. exd5 exd5 4. Bd3 Nc6 5. c3 Bd6 6. Qf3 Nge7 7. Ne2 Be6 8. Bf4 Ng6 9. Bxd6 Qxd6 10. g3 O-O-O 11.
Nd2 Kb8 12. O-O-O h5 13. Bxg6 fxg6 14. Qf4 Qd7 15. Qg5 Bf5 16. Nf4 Qd6 17. Rhe1 Na5 18. Re5 Qc6 19. Rde1 Qa4 20. Rxf5 gxf5 21. a3 Rde8 22.
Re6 Rxe6 23. Nxe6 Re8 24. Qxf5 Qd7 25. Nxg7 Qxg7 26. Qxh5 Qe7 27. Qxd5 Nc6 28. h4 Qe1+ 29. Kc2 Qxf2 30. Qg5 a6 31. h5 Re2 32. h6 Qh2 33. g4 Ne7 34. Kd3 Nd5 35. h7 Rxd2+ 36. Qxd2 Qxh7+ 37. Kc4 Nb6+ 38. Kb3 Qg8+ 39. Kc2 Qxg4 40.
Qh2 Qe4+ 41. Kc1 Nc4 42. Qh8+ Ka7 43. Qh2 Qe3+ 44. Kb1 Qe1+ 45. Ka2 Nd2 46. a4 Qb1+ 47. Ka3 Qa1+ 0-1

[Event "Late-Titled-Tuesday-Blitz-September-05-2023"]
[Site "Chess.com"]
[Date "2023.09.05"]
[Round "4"]
[White "Leo_C"]
[Black "wild3000"]
[Result "1-0"]
[WhiteElo "2614"]
[BlackElo "2343"]
[TimeControl "180+1"]
[EndTime "14:40:35 PDT"]
[Termination "Leo_C won by resignation"]

1. e4 c5 2. Nf3 e6 3. c3 d5 4. exd5 exd5 5. Bb5+ Nc6 6. d4 Be6 7. O-O Nf6 8. Be3 Qb6 9. Qe2 c4 10. Ba4 Be7 11. b4 cxb3 12. axb3 O-O 13. Nbd2 Qc7 14. h3 a6 15. b4 Rac8 16. Rfc1 h6 17. Bc2 Na7 18. Nb3 Nb5 19. Nc5 Nxc3 20. Qe1 Nb5 21. Bd3 Bxc5 22. Bxb5 axb5 23. dxc5 Ne4 24. Nd4 Qd7 25.
Qe2 f5 26. Bf4 Bf7 27. Qxb5 Qe7 28. Ra7 Qf6 29. Qd3 g5 30. Bd2 b6 31. c6 f4 32.
f3 Nd6 33. Bc3 Bg6 34. Qa6 Rf7 35. Rxf7 Qxf7 36. Qxb6 Nc4 37. Qc5 h5 38. b5 g4 39.
b6 gxf3 40. b7 Rf8 41. c7 fxg2 42. c8=Q f3 43. Q8xf8+ Qxf8 44. Qxf8+ Kxf8 45. b8=Q+ Kg7 46. Ne6+ Kf7 47. Ng5+ Ke7 48. Bb4+ Kf6 49. Rxc4 dxc4 50. Nxf3 Be4 51. Qe5+ Kg6 52. Qxe4+ Kg7 53. Bc3+ Kf7 54. Ng5+ Kf8 55. Qf5+ 1-0

[Event "Late-Titled-Tuesday-Blitz-September-05-2023"]
[Site "Chess.com"]
[Date "2023.09.05"]
[Round "4"]
[White "Russian_berezka"]
[Black "ContrVersia"]
[Result "1-0"]
[WhiteElo "2594"]
[BlackElo "2884"]
[TimeControl "180+1"]
[EndTime "14:40:36 PDT"]
[Termination "Russian_berezka won on time"]

1. d4 Nf6 2. Bf4 e6 3. e3 c5 4. c3 Be7 5. Nd2 O-O 6. Bd3 b6 7. h3 cxd4 8. cxd4 Nc6 9. Ngf3 Bb7 10. O-O Nb4 11. Be2 Ne4 12. Nxe4 Bxe4 13. a3 Nd5 14. Bh2 d6 15. Nd2 Bg6 16. Rc1 Qd7 17. Qb3 Rac8 18. Ba6 Rxc1 19. Rxc1 Nc7 20. Bb7 Rb8 21. Bc6 Qd8 22. a4 f6 23. Bf3 Bf7 24. Qc4 Ne8 25. Qc6 e5 26. Bd5 Bxd5 27. Qxd5+ Kf8 28. Qc6 a6 29.
Ne4 b5 30. b3 Qb6 31. Qxb6 Rxb6 32. a5 Rb8 33. Rc6 Ra8 34. d5 f5 35. Nc3 Nf6 36.
Bg3 Nd7 37. Na2 Nc5 38. Bxe5 Nxb3 39. Bxd6 Nxa5 40. Bxe7+ Kxe7 41. Rc7+ Kf6 42. Nb4 Nc4 43. Rc6+ Kf7 44. Nxa6 Ne5 45. Rc7+ Kf6 46. Nb4 Ra1+ 47. Kh2 Rb1 48. Nc6 Rc1 49. Rb7 Nxc6 50. Rb6 Ke5 51. dxc6 g6 52. Rxb5+ Kd6 53. Rb6 1-0

[Event "Late-Titled-Tuesday-Blitz-September-05-2023"]
[Site "Chess.com"]
[Date "2023.09.05"]
[Round "4"]
[White "Payyappat"]
[Black "CFalcons8"]
[Result "1/2-1/2"]
[WhiteElo "2474"]
[BlackElo "2316"]
[TimeControl "180+1"]
[EndTime "14:40:36 PDT"]
[Termination "Game drawn by repetition"]

1. e4 e5 2. Nf3 Nc6 3. Bc4 Nf6 4.
d4 exd4 5. e5 d5 6. Bb5 Ne4 7.
Nxd4 Bd7 8. Bxc6 bxc6 9. c3 Bc5 10. O-O O-O 11. f3 Ng5 12. f4 Ne4 13. Nd2 Nxd2 14. Bxd2 Qe7 15. Be3 f6 16. Qh5 fxe5 17. fxe5 g6 18.
Qg5 Rxf1+ 19. Rxf1 Qxg5 20. Bxg5 Rb8 21. Rf2 Re8 22. Bf6 Bb6 23. Kf1 c5 24. Nc2 Bb5+ 25. Ke1 d4 26. Rd2 Ba5 27. b4 dxc3 28. Rd5 Bc6 29.
Rxc5 Be4 30. bxa5 Bxc2 31. Rxc3 Be4 32. Rxc7 Bxg2 33. Rg7+ Kf8 34. Rxh7 Re6 35. Kf2 Bd5 36. Rxa7 Bxa2 37. a6 Bc4 38. Ke3 Rxa6 39. Rxa6 Bxa6 40. Kf4 Kf7 41. Kg5 Bc8 42. Kf4 Bf5 43. h4 Ke6 44. Kg5 Bd3 45. Kh6 Bc2 46. Kg7 Bd3 47. Kh6 Bf5 48. Kg5 Be4 49. Kf4 Bc2 50. Bh8 Bd1 51. Kg5 Bh5 52. Bf6 Kd5 53. Kf4 Ke6 54. Ke4 Bg4 55.
Kd4 Bf5 56. Ke3 Bg4 57. Kf4 Bh5 58. Kg3 Kd5 59. Kf4 Ke6 1/2-1/2

[Event "Late-Titled-Tuesday-Blitz-September-05-2023"]
[Site "Chess.com"]
[Date "2023.09.05"]
[Round "4"]
[White "melissa_guez"]
[Black "Defenstrator"]
[Result "0-1"]
[WhiteElo "2002"]
[BlackElo "2306"]
[TimeControl "180+1"]
[EndTime "14:40:43 PDT"]
[Termination "Defenstrator won by resignation"]

1. e4 b6 2. d4 Ba6 3. Bxa6 Nxa6 4. Nf3 e6 5. O-O d5 6. exd5 Qxd5 7. Nc3 Qb7 8. d5 O-O-O 9. Ne5 c5 10. dxc6 Qc7 11.
Qe2 Nb4 12. Nb5 Qe7 13. c7 Rd5 14. a3 f6 15. axb4 Rxe5 16. Rxa7 Qd7 17. Qf3 Rd5 18.
c4 Ne7 19. cxd5 exd5 20. Qa3 Qxb5 21. Bf4 g5 22. Ra8+ Kd7 23. c8=Q+ Nxc8 24. Qe3 gxf4 25. Qxf4 Bd6 26. Qxf6 Rf8 27. Qh6 Qe2 28. Qxh7+ Qe7 29. Qh3+ Qe6 30. Qh7+ Rf7 31. Qh4 Qe5 32. g3 Re7 33. Qg4+ Qe6 34. Qxe6+ Rxe6 35. Rc1 Ne7 36. Ra7+ Ke8 37. Ra8+ Kf7 38. Ra6 Nf5 39. b5 Nd4 40.
Rxb6 Ne2+ 41. Kg2 Nxc1 42. Rb7+ Kf6 43. b6 Bc5 44. Rb8 Rxb6 45. Rc8 Bd4 46. Rxc1 Rxb2 47.
Rc6+ Ke5 48. h4 Rxf2+ 49. Kh3 Rf6 50. Rc1 Be3 51. Re1 d4 52. h5 Ke4 53. h6 Rxh6+ 54.
Kg4 Rg6+ 55. Kh5 Rxg3 0-1

[Event "Late-Titled-Tuesday-Blitz-September-05-2023"]
[Site "Chess.com"]
[Date "2023.09.05"]
[Round "4"]
[White "newyorkmouse"]
[Black "wanyaland"]
[Result "0-1"]
[WhiteElo "2443"]
[BlackElo "2259"]
[TimeControl "180+1"]
[EndTime "14:40:45 PDT"]
[Termination "wanyaland won on time"]

1. e4 c5 2. Nc3 Nc6 3. f4 g6 4. Nf3 Bg7 5. Bc4 e6 6. O-O Nge7 7. a3 d5 8. exd5 exd5 9. Ba2 O-O 10. Qe1 h6 11. d3 Be6 12. Qf2 Nd4 13. Kh1 Rc8 14. Nxd4 Bxd4 15. Qh4 Nf5 16. Qxd8 Rfxd8 17. Bd2 c4 18. dxc4 dxc4 19. Rad1 a6 20. Rfe1 b5 21. Bc1 Bg7 22. Ne4 Nd4 23. Bb1 Bf5 24. c3 Nb3 25.
Be3 Rxd1 26. Rxd1 Re8 27. Nd6 Rxe3 28. Bxf5 gxf5 29. Nxf5 Re2 30. Rd8+ Bf8 31. h3 Rxb2 32. Nxh6+ Kg7 33. Nf5+ Kf6 34. Rxf8 Kxf5 35. Rxf7+ Ke4 36. f5 Re2 37. Re7+ Kd3 38. f6 Rf2 39. f7 Kxc3 40. g4 Kb2 41. g5 c3 42. g6 Nd2 43. Kg1 Rf6 44. g7 c2 45. Re1 Nf3+ 46. Kh1 Rxf7 47.
g8=Q Nxe1 48. Qxf7 c1=Q 49. h4 Nf3+ 50. Kg2 Qg1+ 51. Kh3 Qh2+ 52. Kg4 Nxh4 53. Qf6+ Kxa3 54. Qxa6+ Kb4 55. Qa7 Ng2 56. Qd4+ Ka3 57. Qd3+ Ka4 58. Qd4+ b4 59. Qa7+ Kb3 60. Qf7+ Kc3 61. Qf6+ Kd3 62.
Qf5+ Ke2 63. Qe4+ Ne3+ 64. Kg5 Qg3+ 65. Kh6 Qh3+ 0-1

[Event "Late-Titled-Tuesday-Blitz-September-05-2023"]
[Site "Chess.com"]
[Date "2023.09.05"]
[Round "4"]
[White "AradNazari"]
[Black "tptagain"]
[Result "0-1"]
[WhiteElo "2715"]
[BlackElo "2986"]
[TimeControl "180+1"]
[EndTime "14:40:46 PDT"]
[Termination "tptagain won by resignation"]

1. e4 c6 2. Nf3 d5 3. Nc3 Bg4 4. h3 Bxf3 5. Qxf3 e6 6. Be2 Bc5 7.
O-O Nd7 8. b4 Bd4 9. b5 Ngf6 10.
Rb1 O-O 11. bxc6 bxc6 12. Qd3 Bxc3 13. Qxc3 Nxe4 14. Qxc6 Rc8 15. Qa4 Ndc5 16. Qa3 d4 17.
Re1 Qc7 18. Bf3 f5 19. d3 Nc3 20. Rb4 e5 21. Bd2 Qd6 22. Bxc3 dxc3 23. Rc4 Ne4 24.
Qxd6 Nxd6 25. Rxc8 Rxc8 26. Rxe5 Kf8 27. Rd5 Ke7 28. Ra5 Rc7 29. Bd5 g5 30. g3 Kf6 31.
Kg2 h5 32. f4 gxf4 33. gxf4 h4 34. Ra6 Ke7 35. Kf3 Nb5 36. Ke3 Kd8 37. Rf6 Re7+ 38.
Re6 Rg7 39. Kf2 Nd4 40. Re1 Nxc2 41. Rc1 Nb4 42. Bc4 Rg3 43. a3 Nc6 44. Rxc3 Rxh3 45. Bd5 Nd4 46. Bg2 Rg3 47. Rc5 Ke7 48. Re5+ Kf6 49.
Rd5 Ne6 50. Rd6 Ke7 51. Ra6 Nxf4 52. Rxa7+ Kf6 53. Bf3 Nxd3+ 54. Ke3 Ne5 55. Ra6+ Kg5 0-1

[Event "Late-Titled-Tuesday-Blitz-September-05-2023"]
[Site "Chess.com"]
[Date "2023.09.05"]
[Round "4"]
[White "HajiyevKanan"]
[Black "jamengrand"]
[Result "0-1"]
[WhiteElo "2480"]
[BlackElo "2355"]
[TimeControl "180+1"]
[EndTime "14:40:48 PDT"]
[Termination "jamengrand won by resignation"]

1. d4 d5 2. Nf3 Nf6 3. c4 e6 4.
Bg5 Be7 5. e3 h6 6. Bh4 O-O 7.
Nc3 Ne4 8. Bxe7 Qxe7 9. Bd3 Nxc3 10.
bxc3 dxc4 11. Bxc4 Nd7 12. O-O c5 13. a4 b6 14. Qe2 Bb7 15. Ba6 Bxa6 16. Qxa6 e5 17. Qb7 Rfb8 18. Qe4 Re8 19. dxe5 Nxe5 20. Nxe5 Qxe5 21.
Qxe5 Rxe5 22. Rfd1 Re7 23. Rd5 Kf8 24. a5 Rb8 25. c4 Ke8 26. h4 Rc7 27. Rb1 Rd8 28.
Rxd8+ Kxd8 29. axb6 Rb7 30. Rd1+ Kc8 31. bxa7 Rxa7 32.
Rd5 Ra5 33. Kf1 Kc7 34. Ke2 Kc6 35. Kd3 Ra3+ 36. Ke4 Rc3 37. Kf5 Rxc4 38. e4 g6+ 39. Ke5 f6+ 40. Kxf6 Rxe4 41. Rd8 Rxh4 42. g3 Rg4 43.
Rc8+ Kd5 44. Rd8+ Kc4 45. Kg7 h5 46. Rd6 Kb3 47. Rb6+ Kc2 48. Rc6 c4 49. f3 Rxg3 50. Rxc4+ Kd3 51. Rh4 Ke3 52. f4 Rg4 53. Rh1 Kxf4 54. Rf1+ Kg3 55. Kh6 h4 56. Rg1+ Kf3 57. Rf1+ Kg2 58. Rf6 h3 59. Rb6 h2 60. Rb2+ Kh3 61.
Rb3+ Rg3 62. Rb1 Rg1 63. Rb3+ Kg4 64. Rb4+ Kf5 65. Rh4 h1=Q 66. Rxh1 Rxh1+ 67. Kg7 g5 0-1

[Event "Late-Titled-Tuesday-Blitz-September-05-2023"]
[Site "Chess.com"]
[Date "2023.09.05"]
[Round "4"]
[White "rezamahdavi2008"]
[Black "thedjoker98"]
[Result "1/2-1/2"]
[WhiteElo "2755"]
[BlackElo "2636"]
[TimeControl "180+1"]
[EndTime "14:40:49 PDT"]
[Termination "Game drawn by repetition"]

1. e4 e5 2. Nf3 Nc6 3. Nc3 Nf6 4. a4 Bb4 5. Nd5 Nxd5 6. exd5 e4 7. dxc6 exf3 8.
Qxf3 dxc6 9. c3 Bd6 10. d4 O-O 11. Bd3 Re8+ 12. Be3 Qh4 13. h3 Be6 14. O-O-O Bd5 15.
Qg4 Qxg4 16. hxg4 g6 17. Rdg1 Be4 18. Kd2 Bxd3 19. Kxd3 Rad8 20. Rh3 f6 21. Rgh1 Rd7 22. Rf3 Rf7 23. b4 Rd8 24. Kc2 a6 25. a5 Re8 26. Kb3 Re4 27. g5 f5 28. g3 f4 29.
gxf4 Bxf4 30. Rh4 Bxe3 31. Rxe4 Rxf3 32. fxe3 Kg7 33. Re7+ Rf7 34. Re5 h5 35. Kc4 Rf5 36.
Re7+ Rf7 37. Rxf7+ Kxf7 38. Kd3 Ke6 39. e4 Kd6 40. c4 b6 41. c5+ bxc5 42. bxc5+ Ke6 43. Ke3 Ke7 44. Kf3 Ke6 45. Kf4 Ke7 46. Ke5 Kf7 47. d5 cxd5 48. exd5 Ke7 49. Kd4 Kd7 50. Ke4 Ke7 51. Ke5 Kd7 52. Ke4 Ke7 53. Kd4 Kd7 54. Ke3 Ke8 55. Kf4 Kf7 56. Ke5 Ke7 57. Ke4 Kd7 58.
Kf3 Ke8 59. Kg3 Kf8 60. Kf4 Kf7 61. Kf3 Kf8 62. Ke3 Ke8 63. Kf4 Kf7 1/2-1/2

[Event "Late-Titled-Tuesday-Blitz-September-05-2023"]
[Site "Chess.com"]
[Date "2023.09.05"]
[Round "4"]
[White "ArmanGhevondyanchess"]
[Black "BeautiFullMindChess"]
[Result "1-0"]
[WhiteElo "2533"]
[BlackElo "2342"]
[TimeControl "180+1"]
[EndTime "14:40:51 PDT"]
[Termination "ArmanGhevondyanchess won by resignation"]

1. Nf3 d5 2. d4 Nf6 3. g3 e6 4. Bg2 h6 5. O-O Bd6 6. c4 O-O 7. Nc3 b6 8. Nd2 Bb7 9. e4 dxe4 10. Ndxe4 Nxe4 11. Nxe4 Nc6 12. Be3 Be7 13. a3 Rb8 14. Qd3 Ne5 15. Qc2 Ng4 16. Rad1 Nxe3 17. fxe3 f5 18.
Nf2 Bxg2 19. Kxg2 Bf6 20. Nd3 Qd7 21. Kg1 Qc6 22. b3 Qe4 23. Qf2 Bg5 24. Nf4 Rbd8 25. Qf3 Qxf3 26. Rxf3 Rfe8 27. h4 Bf6 28. Rff1 c6 29.
Kf2 g5 30. hxg5 hxg5 31. Nd3 Rd7 32. Ne5 Bxe5 33. dxe5 Red8 34. Rxd7 Rxd7 35. Ke2 Kf7 36. e4 Kg6 37. Ke3 c5 38. Rh1 Rd4 39. exf5+ exf5 40. Rh8 Re4+ 41. Kf3 Rxe5 42. Rg8+ Kf6 43. Ra8 Re7 44. Rf8+ Kg6 45. Rg8+ Kf6 46. Rf8+ Ke5 47. Ke3 g4 48. Rd8 Kf6+ 49. Kd3 f4 50. gxf4 Kf5 51. Rf8+ Ke6 52. Rg8 Kf5 53. Rf8+ Ke6 54. Ke4 Rg7 55. f5+ Ke7 56. Ra8 Kf6 57. Rf8+ Kg5 58.
f6 Rd7 59. f7 Rd4+ 60. Ke5 Kg6 61. Ke6 Re4+ 62. Kd5 Rd4+ 63. Ke5 Kg7 64. Ra8 Kxf7 65. Rxa7+ Kg6 66. Ra8 g3 67. Rg8+ Kf7 68. Rxg3 Ke7 69.
Rh3 Kd7 70. Rh6 Kc7 71. a4 Rd3 72. Rh7+ Kc6 73. Rh6+ Kc7 74. a5 bxa5 75. Ra6 Rxb3 76. Kd5 Rb6 77. Ra7+ Rb7 78. Rxa5 Kb6 79. Rb5+ Ka6 80.
Rxc5 Rd7+ 81. Kc6 Rh7 82. Rd5 Rh6+ 83. Rd6 Rh7 84. c5 Ka7 85. Rd7+ Rxd7 86. Kxd7 Kb8 87. c6 Ka7 88. c7 Kb6 89. c8=Q 1-0

[Event "Late-Titled-Tuesday-Blitz-September-05-2023"]
[Site "Chess.com"]
[Date "2023.09.05"]
[Round "4"]
[White "Ali_rastbod"]
[Black "K_A_S_T_O_R"]
[Result "0-1"]
[WhiteElo "2710"]
[BlackElo "2955"]
[TimeControl "180+1"]
[EndTime "14:40:53 PDT"]
[Termination "K_A_S_T_O_R won by resignation"]

1. e4 c5 2. Nf3 d6 3. g3 Nc6 4. Bg2 Nf6 5. Qe2 e5 6. O-O g6 7.
h3 Bg7 8. c3 O-O 9. d3 h6 10.
a3 Re8 11. b4 a6 12. Nbd2 Rb8 13. Bb2 b6 14. Rfe1 Qc7 15. Nh2 b5 16. Nhf1 a5 17.
bxc5 dxc5 18. Ne3 Ne7 19. c4 bxc4 20. Ndxc4 Nc6 21. Nd5 Qd8 22. Bc3 Ba6 23. Rab1 Rxb1 24. Rxb1 Nxd5 25. exd5 Nd4 26. Bxd4 cxd4 27. Qc2 f5 28. d6 Kh7 29. a4 Bxc4 30. Qxc4 Qxd6 31. Rb7 Re7 32. Rb5 Rc7 33. Qb3 Rc3 34. Qf7 Rc1+ 35.
Kh2 Rc7 36. Qb3 e4 37. dxe4 f4 38. Rd5 fxg3+ 39. fxg3 Qb4 40. Qf3 Qxa4 41. e5 Qe8 42. Qe4 Rd7 43. Rxd7 Qxd7 44. e6 Qe7 45. h4 h5 46. Bf3 Kh6 47. Be2 Bf6 48. Bd3 Qe8 49.
Qf4+ Kg7 50. Qc7+ Qe7 51. Qb6 a4 52. Qc6 a3 53. Qe4 Qe8 54. Qb7+ Be7 55. Bb5 Qd8 56. Qe4 a2 57. Bd3 Qe8 58. Qxd4+ Kh7 59. Qd5 a1=Q 60. Qxh5+ Kg7 61. Qe2 Qf6 62. Kh3 Bd6 63. Bc4 Qf5+ 64. Kh2 Qe7 65. Qb2+ Kh7 66. Qe2 Qxh4+ 0-1

[Event "Late-Titled-Tuesday-Blitz-September-05-2023"]
[Site "Chess.com"]
[Date "2023.09.05"]
[Round "4"]
[White "Emeraldddd"]
[Black "SergioMoralesG"]
[Result "0-1"]
[WhiteElo "2525"]
[BlackElo "2397"]
[TimeControl "180+1"]
[EndTime "14:40:55 PDT"]
[Termination "SergioMoralesG won by checkmate"]

1. e4 c5 2. Nf3 e6 3. c3 Nf6 4. e5 Nd5 5. d4 cxd4 6. cxd4 d6 7.
Bc4 Nc6 8. O-O Be7 9. a3 O-O 10. Qe2 dxe5 11. dxe5 b6 12. Rd1 Bb7 13. Bxd5 exd5 14.
Nc3 Na5 15. Nd4 Re8 16. Qg4 Bf8 17. Nf5 Kh8 18. Bg5 Qc8 19. f4 Nb3 20. Rab1 d4 21. Nb5 Be4 22. Nh6 Qxg4 23. Nxg4 Bxb1 24. Rxb1 Rac8 25. Nxa7 Rc2 26. Nf2 Bc5 27. Nd3 Rd2 28. Nxc5 bxc5 29. a4 d3 30. a5 Rc2 31. Nb5 d2 32. Rd1 Rc1 33. Nc3 Rxd1+ 34. Nxd1 Ra8 35. Kf2 Rxa5 36. f5 c4 37. Bf4 Nc5 38. Bxd2 Ne4+ 39. Ke3 Nxd2 40. Kxd2 Rxe5 41. Ne3 Re4 42. g4 Kg8 43. h3 Kf8 44. Nd5 h5 45. gxh5 Rh4 46. Kc3 Rxh3+ 47. Kxc4 Rxh5 48. f6 g5 49. b4 g4 50. b5 Rh1 51. Ne3 g3 52. b6 Rc1+ 53.
Kb5 Rb1+ 54. Kc6 Kg8 55. b7 Kh7 56. Ng2 Kg6 57. Nf4+ Kf5 58. Nd5 Rxb7 59. Kxb7 Ke4 60. Nc3+ Kf3 61. Nb5 g2 62. Nd4+ Kf2 63. Kc6 g1=Q 64.
Kd5 Qg5+ 65. Kc4 Qxf6 66. Nb5 Qf4+ 67. Kd5 Qh6 68. Nd4 Qh5+ 69. Ke4 Kg3 70. Nf5+ Kh3 71.
Ne3 Qh4+ 72. Kf3 Qh7 73. Nf1 Qh5+ 74. Kf2 Qg6 75. Ne3 Qf6+ 76. Ke2 Qg6 77. Nf1 Qe6+ 78. Kf2 Kg4 79. Ne3+ Kf4 80. Ng2+ Kg5 81. Ne3 Qf6+ 82. Kg3 Qe5+ 83. Kf3 Qf4+ 84. Ke2 f5 85. Ng2 Qe4+ 86. Kf2 f4 87. Kg1 f3 88. Nh4 Kxh4 89. Kh2 Qe2+ 90.
Kh1 Qg2# 0-1

[Event "Late-Titled-Tuesday-Blitz-September-05-2023"]
[Site "Chess.com"]
[Date "2023.09.05"]
[Round "4"]
[White "Amirreza_p"]
[Black "FaustinoOro"]
[Result "1-0"]
[WhiteElo "2595"]
[BlackElo "2853"]
[TimeControl "180+1"]
[EndTime "14:40:59 PDT"]
[Termination "Amirreza_p won by resignation"]

1. e4 e5 2. Nf3 Nc6 3. Bc4 Bc5 4.
d3 Nf6 5. O-O h6 6. c3 d6 7. Re1 a6 8. Nbd2 O-O 9. h3 Ba7 10.
Bb3 Re8 11. Nf1 Be6 12. Ng3 d5 13. exd5 Bxd5 14. Bc2 Qd7 15. Nh4 Rad8 16. Nhf5 Kh8 17. Be3 Bxe3 18. Nxe3 Be6 19. Qf3 Nd5 20. Rad1 Qe7 21.
Nef5 Qg5 22. d4 Nf4 23. dxe5 Bd5 24. Rxd5 Rxd5 25. h4 Nh3+ 26. gxh3 Nxe5 27. Qxd5 Nf3+ 28. Qxf3 Rxe1+ 29. Kg2 Qd2 30. Qd3 Qxd3 31. Bxd3 Ra1 32. Bc4 Kg8 33. Ne3 b5 34. Bd5 c5 35. Ne4 c4 36. b3 cxb3 37. Bxb3 Kf8 38. Nd6 f6 39. c4 bxc4 40. Bxc4 a5 41. Bb3 g6 42. Nb7 a4 43.
Bxa4 Rxa2 44. Bc6 Kg7 45. Be4 f5 46. Bf3 Kf6 47. Nc5 g5 48. hxg5+ hxg5 49. Nd5+ Ke5 50. Ne3 Kf6 51. Nd3 Ra3 52. Nb4 Rb3 53. Nbd5+ Ke5 54. Ne7 f4 55. Ng4+ Kd6 56. Nf5+ Kc7 57. Ng7 Kd6 58.
Nf5+ Kd7 59. Nd4 Rb4 60. Ne2 Ke6 61. Ng1 Kf5 62. Be2 Rb2 63. Bd3+ Ke6 64. Nf3 1-0

[Event "Late-Titled-Tuesday-Blitz-September-05-2023"]
[Site "Chess.com"]
[Date "2023.09.05"]
[Round "4"]
[White "azikom"]
[Black "Kostukov_Alex"]
[Result "1-0"]
[WhiteElo "2669"]
[BlackElo "2402"]
[TimeControl "180+1"]
[EndTime "14:41:01 PDT"]
[Termination "azikom won on time"]

1. c4 c5 2. Nc3 Nf6 3. g3 g6 4. Bg2 Bg7 5. a3 O-O 6. b4 d6 7.
bxc5 dxc5 8. Bb2 Nc6 9. d3 Qd6 10. Rb1 b6 11. Nf3 Bb7 12. Nb5 Qd7 13. O-O Rfd8 14.
Ba1 Ng4 15. Bxg7 Kxg7 16. Qc1 Nge5 17. Qb2 f6 18. Rfc1 Rab8 19. Nxe5 Nxe5 20. Bxb7 Rxb7 21. a4 Nc6 22. Nc3 Kf7 23. Qd2 Kg7 24. h4 h5 25. Qe3 Nd4 26. Rb2 Nf5 27. Qe4 Nd6 28.
Qf3 Nf5 29. a5 Rdb8 30. axb6 Rxb6 31. Ra2 Nd4 32. Qe3 Re6 33. Qf4 Rb3 34. Ne4 Re5 35.
Re1 Qb7 36. Nxc5 Nf3+ 37. Qxf3 Qxf3 38. Nxb3 Qb7 39. Nd4 g5 40. hxg5 Rxg5 41. Nf3 Rg4 42. Rea1 Qc6 43. Rxa7 Qe6 44. R1a2 h4 45. Nxh4 Rxh4 46.
gxh4 Qg4+ 47. Kf1 Kf7 48. R7a5 Qxh4 49. Ke1 Qh2 50. f3 Qg1+ 51. Kd2 Qb1 52. R5a3 Qb4+ 53. Ke3 Qc5+ 54. Kd2 Qb4+ 55. Kd1 Ke6 56. Ra6+ Ke5 57. R6a4 Qb3+ 58. Kd2 1-0